 Seeded DCSS version 0.30.1-9-gdf580d7c3d (webtiles) character file.

Game seed: 7229806256980976716 (custom seed)

1555 Psyclone the Slicer (level 8, -4/46 HPs)
             Began as an Octopode Venom Mage on Sept 29, 2023.
             Killed from afar by an electric eel (17 damage)
             ... with a bolt of electricity
             ... on level 6 of the Dungeon.
             The game lasted 00:14:12 (4156 turns).

Psyclone the Slicer (Octopode Venom Mage)           Turns: 4156, Time: 00:14:13

Health: -4/46      AC:  1    Str:  8    XL:     8   Next: 88%
Magic:  26/35      EV: 13    Int: 27    God:
Gold:   246        SH:  0    Dex: 13    Spells: 9/19 levels left

rFire   . . .        a - +11 quick blade "Zekhebb" {drain, Fly MP+9 Dex+5}
rCold   + + .        (no shield)
rNeg    . . .        (helmet restricted)
rPois   +            (no amulet)
rElec   .            e - ring of the Mage {Wiz Archmagi}
rCorr   .            f - ring "Yjoxom" {Contam rPois rC++ MP+9 Int+8 Dex-4}
SInv    .            (no ring)
Will    .....        (no ring)
Stlth   +++          (no ring)
HPRegen 0.27/turn    (no ring)
MPRegen 0.24/turn    (no ring)
                     (no ring)

%: wizardry (x1), archmagi
@: radiating poison, flying
A: almost no armour, amphibious, 8 rings, camouflage 1, gelatinous body 1,
(nimble swimmer 1), tentacles
a: no special abilities


You were on level 6 of the Dungeon.
You visited 1 branch of the dungeon, and saw 6 of its levels.
You also visited: Ossuary.

You collected 246 gold pieces.

Inventory:

Hand Weapons
 a - the +11 quick blade "Zekhebb" (weapon) {drain, Fly MP+9 Dex+5}
   (You acquired it on level 1 of the Dungeon)

   Dex:       It affects your dexterity (+5).
   MP:        It affects your magic capacity (+9).
   Fly:       It grants you flight.
Missiles
 l - a throwing net {!f}
Jewellery
 e - the ring of the Mage (left tentacle) {Wiz Archmagi}
   (You acquired it on level 1 of the Dungeon)

   [ring of wizardry]

   It improves your spell success rate.
   Archmagi:  It increases the power of your magical spells.
 f - the ring "Yjoxom" (right tentacle) {Contam rPois rC++ MP+9 Int+8 Dex-4}
   (You acquired it on level 1 of the Dungeon)

   [ring of magical power]

   Int:       It affects your intelligence (+8).
   Dex:       It affects your dexterity (-4).
   rC:        It greatly protects you from cold.
   rPois:     It protects you from poison.
   MP:        It affects your magic capacity (+9).
   Contam:    It causes magical contamination when unequipped.
Scrolls
 b - 3 scrolls of amnesia {unknown}
 c - a scroll of teleportation {unknown}
 h - 2 scrolls of enchant armour {unknown}
 j - 2 scrolls of blinking {unknown}
 k - 8 scrolls of identify {unknown}
 p - 2 scrolls of poison {unknown}
 s - a scroll of brand weapon {unknown}
 v - 2 scrolls of silence {unknown}
 x - a scroll of butterflies {unknown}
 y - a scroll of fog {unknown}
 z - 3 scrolls of vulnerability {unknown}
 C - 2 scrolls of magic mapping {unknown}
 E - a scroll of torment {unknown}
Potions
 d - a potion of magic
 g - 3 potions of might {unknown}
 i - 2 potions of mutation {unknown}
 m - 5 potions of curing {unknown}
 n - 2 potions of brilliance {unknown}
 o - a potion of invisibility {unknown}
 q - 2 potions of cancellation {unknown}
 r - a potion of heal wounds {unknown}
 t - 2 potions of lignification {unknown}
 u - 4 potions of attraction {unknown}
 w - a potion of berserk rage {unknown}
 A - a potion of ambrosia {unknown}
 B - a potion of degeneration {unknown}
 D - 2 potions of flight {unknown}
 F - a potion of haste {unknown}


   Skills:
 - Level 8.0 Short Blades
 - Level 2.0 Dodging
 - Level 2.6 Stealth
 - Level 6.0 Spellcasting
 - Level 1.0 Transmutations
 + Level 5.7 Poison Magic


You had 9 spell levels left.
You knew the following spells:

 Your Spells              Type           Power      Damage    Failure   Level
a - Sting                 Tmut/Pois      100%       1d8       1%          1
d - Mephitic Cloud        Conj/Pois/Air  27%        N/A       3%          3
v - Poisonous Vapours     Pois/Air       70%        N/A       1%          2
x - Olgreb's Toxic Radia  Pois           56%        N/A       2%          4

Your spell library contained the following spells:

 Spells                   Type           Power      Damage    Failure   Level
 Cigotuvi's Dreadful Rot  Necr/Pois/Air  54%        N/A       1%          2
 Dispel Undead            Necr           12%        3d9       26%         4
 Freezing Cloud           Conj/Ice/Air   6%         6-21      54%         5
 Death Channel            Necr           6%         N/A       98%         6


Dungeon Overview and Level Annotations

Branches:
Dungeon (6/15) Zot: 26992  Temple (0/1) D:4         Ossuary (visited)

Altars:
Elyvilon
Qazlal
Zin
The Shining One


Innate Abilities, Weirdness & Mutations

You cannot wear most types of armour.
You are amphibious.
You can wear up to eight rings at the same time.
Your skin changes colour to match your surroundings (Stealth+).
Your rubbery body absorbs attacks. (AC +1, EV +1)
((You are camouflaged when in or above water. (Stealth+)))
You have tentacles for arms and can constrict up to eight enemies at once.


Message History

You fly downwards.
Found a stone staircase leading up.
There is a stone staircase leading up here.
Found a club.
An electric eel comes into view.
Cast which spell? (? or * to list)
You feel a surge of power!
You begin to radiate toxic energy.
The electric eel is poisoned.
The electric eel looks even sicker.
You now have 31/35 mp.
Casting: Olgreb's Toxic Radiance (dangerous; 2% risk of failure)
Confirm with . or Enter, or press ? or * to list all spells.
Aiming: Poisonous Vapours (safe; 1% risk of failure)
Press: ? - help, Dir - move target, f - electric eel
Aim: an electric eel (water, heavily wounded, very poisoned)
You feel a surge of power!
Poisonous vapours surround the electric eel!
The electric eel looks as sick as possible!
The electric eel shoots out a bolt of lightning at you!
The bolt of electricity misses you.
You now have 29/35 mp.
The electric eel looks as sick as possible!
An electric eel comes into view. x2
Casting: Poisonous Vapours (safe; 1% risk of failure)
Confirm with . or Enter, or press ? or * to list all spells.
You feel a surge of power!
Your toxic radiance grows in intensity.
The electric eel is poisoned. x2
You kill the electric eel!
You hear a splash.
The electric eel shoots out a bolt of lightning at you!
The bolt of electricity hits you!
The electric eel shoots out a bolt of lightning at you!
The bolt of electricity hits the plant!
The plant begins to die.
The bolt of electricity hits you!
You take 21 damage, and have 25/46 hp.
MASSIVE DAMAGE!!
You now have 26/35 mp.
The electric eel shoots out a bolt of lightning at you!
The bolt of electricity hits you!
* * * LOW HITPOINT WARNING * * *
The electric eel shoots out a bolt of lightning at you!
The bolt of electricity hits the plant!
The bolt of electricity hits you!
You die...

#.#.. ~~~~≈SS
#)#.. ~~ ~†≈~
#.... .P~~P≈
##.#..#. ~~~PP
#<........♣~~~
#..#...#...~~♣
#...........♣♣
#.#@##....#
#.#..........
#...<........
#............
#.##..##.#...
#.. .... .....
#.. ......
.... #.
...........
............


You could see 2 electric eels.

Vanquished Creatures
  2 hornet zombies (Ossuary)
  The ghost of Cheops the Conjurer, an amateur NaFE (D:3)
  3 wyvern zombies
  2 scorpions
  2 water moccasin zombies (Ossuary)
  An electric eel (D:6)
  3 bullfrog zombies (Ossuary)
  2 centaur zombies (Ossuary)
  A jelly (D:2)
  An orc priest (D:5)
  2 bullfrog skeletons (D:3)
  A sleepcap (D:4)
  3 killer bee zombies (Ossuary)
  16 mummies
  2 howler monkey zombies (Ossuary)
  A howler monkey skeleton (D:3)
  7 adders
  A shadow imp (D:5)
  An ufetubus (D:3)
  3 worms
  3 orcs (D:5)
  4 endoplasms
  6 giant cockroaches
  4 goblins
  8 hobgoblins
  20 jackals
  A kobold (D:4)
  4 quokkas
  6 ball pythons
  5 bats
  A frilled lizard (D:1)
  A goblin zombie (D:4)
  An orc zombie (D:4)
  4 rats
123 creatures vanquished.

Notes
Turn   | Place    | Note
-------+----------+-------------------------------------------
     0 | D:1      | Psyclone the Octopode Venom Mage began the quest for the
                  | Orb.
     0 | D:1      | Reached XP level 1. HP: 11/11 MP: 3/3
    80 | D:1      | Identified 3 scrolls of acquirement
    80 | D:1      | Acquired the ring of the Mage {Wiz Archmagi}
    80 | D:1      | Found the ring of the Mage {Wiz Archmagi}
    86 | D:1      | Acquired the ring "Yjoxom" {Contam rPois rC++ MP+9 Int+8
                  | Dex-4}
    94 | D:1      | Acquired the +11 quick blade "Zekhebb" {drain, Fly MP+9
                  | Dex+5}
   232 | D:1      | Reached skill level 1 in Short Blades
   277 | D:1      | Reached XP level 2. HP: 17/17 MP: 5/5
   292 | D:1      | Reached skill level 2 in Short Blades
   572 | D:1      | Reached XP level 3. HP: 21/21 MP: 6/6
   875 | D:2      | Reached skill level 3 in Short Blades
   875 | D:2      | Reached XP level 4. HP: 24/27 MP: 7/7
  1115 | D:2      | Reached skill level 4 in Short Blades
  1284 | D:2      | Reached XP level 5. HP: 26/31 MP: 8/8
  1586 | D:2      | Learned a level 2 spell: Poisonous Vapours
  1694 | D:3      | Found a runed translucent gate.
  1694 | D:3      | Found a runed translucent gate.
  1694 | D:3      | Found a runed translucent gate.
  1790 | D:3      | Found a glowing silver altar of Zin.
  1828 | D:3      | Learned a level 4 spell: Olgreb's Toxic Radiance
  1842 | D:3      | Noticed Cheops's ghost (amateur NaFE)
  1869 | D:3      | Reached skill level 5 in Short Blades
  1879 | D:3      | Reached XP level 6. HP: 15/36 MP: 9/9
  1896 | D:3      | Reached skill level 6 in Short Blades
  2047 | D:3      | Killed Cheops's ghost
  2296 | D:4      | Found a white marble altar of Elyvilon.
  2346 | D:4      | Found a stormy altar of Qazlal.
  2365 | D:4      | Found a staircase to the Ecumenical Temple.
  2450 | D:4      | Reached skill level 7 in Short Blades
  2450 | D:4      | Reached XP level 7. HP: 41/41 MP: 10/10
  2567 | D:4      | Found a glowing golden altar of the Shining One.
  2716 | D:4      | Found a sand-covered staircase.
  2722 | Ossuary  | Entered an ossuary
  2805 | Ossuary  | Reached skill level 8 in Short Blades
  2918 | Ossuary  | Reached XP level 8. HP: 14/46 MP: 13/13
  3114 | Ossuary  | Reached skill level 5 in Spellcasting
  3602 | D:5      | Entered Level 5 of the Dungeon
  3712 | D:5      | Learned a level 3 spell: Mephitic Cloud
  3841 | D:5      | Reached skill level 5 in Poison Magic
  4156 | D:6      | Killed from afar by an electric eel

Illustrated notes

Levels and vault maps discovered:
D:1:      spicycebolla_arrival_ecumenical, layout_loops_ring
D:2:      layout_basic
D:3:      layout_rooms, mainiacjoe_overflow_paths, gammafunk_ghost_necromancy
D:4:      layout_rooms, tso_metal_star, mainiacjoe_overflow_catwalk,
          elyvilon_altar_5, minmay_temple_entry_stoned_glass,
          nicolae_ossuary_entry_giza, minmay_misc_feat_square, minivault_4
D:5:      layout_basic
D:6:      kennysheep_six_static_rooms, layout_basic, serial_shops,
          nicolae_shop_stone, serial_bayou_lagoon_b

Skill      XL: |  1  2  3  4  5  6  7  8 |
---------------+-------------------------+-----
Short Blades   | 1 2 3 4 5 7 8 |  8.0
Spellcasting   | 3 6 |  6.0
Poison Magic   | 5 |  5.7
Dodging        | |  2.0
Stealth        | |  2.6
Transmutations | |  1.0

Action                     |  1- 3 |  4- 6 |  7- 9 || total
---------------------------+-------+-------+-------++-------
  Melee: Quick blade       |    30 |    94 |   152 ||   276
         Tentacles         |     3 |    14 |    43 ||    60
         Constrict         |     2 |    15 |    37 ||    54
         Punch             |       |     1 |     6 ||     7
   Cast: Olgreb's Toxic Ra |       |       |     2 ||     2
         Poisonous Vapours |       |       |     1 ||     1
    Use: Scroll            |     3 |       |       ||     3
   Stab: Sleeping          |     9 |    11 |     2 ||    22
         Distracted        |     1 |     1 |     2 ||     4
 Armour: Skin              |       |     1 |     1 ||     2
  Dodge: Dodged            |    11 |    35 |    33 ||    79
